 Dungeon Crawl Stone Soup version 0.30.1-11-g7821555f0a (webtiles) character file.

Game seed: 12769223151459357031

63 pkoi the Conjurer (level 3, 0/26 HPs)
             Began as a Draconian Conjurer on Nov 21, 2023.
             Slain by a gnoll
             ... wielding a +0 whip
              (5 damage)
             ... on level 1 of the Dungeon.
             The game lasted 00:01:58 (2098 turns).

pkoi the Conjurer (Draconian Conjurer)              Turns: 2098, Time: 00:01:59

Health: 0/26       AC:  5    Str:  9    XL:     3   Next: 89%
Magic:  1/7        EV: 12    Int: 20    God:
Gold:   76         SH:  0    Dex:  9    Spells: 4/7 levels left

rFire   . . .        c - +0 dagger
rCold   . . .        (no shield)
rNeg    . . .        (body armour unavailable)
rPois   .            (helmet restricted)
rElec   .            (no cloak)
rCorr   .            (no gloves)
SInv    .            (no boots)
Will    .....        (no amulet)
Stlth   ++           (no ring)
HPRegen 0.24/turn    (no ring)
MPRegen 0.10/turn

%: no passive effects
@: no status effects
A: AC +5, unfitting armour, cold-blooded
a: no special abilities


You were on level 1 of the Dungeon.
You visited 1 branch of the dungeon, and saw 2 of its levels.

You collected 76 gold pieces.

Inventory:

Hand Weapons
 c - a +0 dagger (weapon)
Scrolls
 b - a scroll of fog {unknown}
 d - 4 scrolls of identify {unknown}
 f - a scroll of enchant armour {unknown}
 g - 2 scrolls of fear {unknown}
 j - a scroll of blinking {unknown}
Potions
 a - a potion of magic
 e - a potion of invisibility {unknown}
 h - a potion of might {unknown}
 i - 2 potions of brilliance {unknown}


   Skills:
 - Level 1.7 Dodging
 - Level 1.7 Stealth
 + Level 2.9 Spellcasting
 + Level 5.0 Conjurations


You had 4 spell levels left.
You knew the following spells:

 Your Spells              Type           Power      Damage    Failure   Level
a - Magic Dart            Conj           92%        1d7       1%          1
b - Searing Ray           Conj           46%        2d6       2%          2

Your spell library contained the following spells:

 Spells                   Type           Power      Damage    Failure   Level
 Apportation              Tloc           4%         N/A       14%         1
 Necrotise                Necr           8%         1d4       14%         1
 Summon Small Mammal      Summ           8%         N/A       14%         1
 Dazzling Flash           Conj/Hex       24%        N/A       16%         3
 Sublimation of Blood     Necr           2%         N/A       22%         2
 Fulminant Prism          Conj/Hex       6%         3d7       45%         4
 Iskenderun's Mystic Bla  Conj/Tloc      12%        2d5       45%         4
 Petrify                  Tmut/Erth      2%         N/A       82%         4
 Irradiate                Conj/Tmut      6%         3d13      82%         5


Dungeon Overview and Level Annotations

Branches:
Dungeon (2/15)

Altars:


Innate Abilities, Weirdness & Mutations

Your plain brown scales are hard. (AC +5)
You cannot fit into any form of body armour.
You are cold-blooded and may be slowed by cold attacks.


Message History

The magic dart hits the gnoll.
The gnoll is heavily wounded.
The magic dart hits the gnoll.
The gnoll is severely wounded.
The magic dart hits the gnoll but does no damage.
The gnoll is severely wounded.
The gnoll shouts!
The gnoll hits you with a +0 flail.
Casting: Magic Dart (safe; 1% risk of failure)
Confirm with . or Enter, or press ? or * to list all spells.
Aiming: Searing Ray (safe; 3% risk of failure)
Press: ? - help, Shift-Dir - straight line, f/p - gnoll
Aim: a gnoll, wielding a +0 flail (severely wounded, 81% to hit)
The searing ray hits the gnoll.
You kill the gnoll!
The searing ray hits the gnoll.
The gnoll is moderately wounded.
The searing ray hits the gnoll!
The gnoll is heavily wounded. (Press . to maintain the ray.)
Your Conjurations skill increases to level 5!
Unknown command.
Without enough magic to sustain it, your searing ray dissipates.
The gnoll closely misses you.
The gnoll hits you from afar with a +0 spear!
Unknown command.
The gnoll attacks as you move away! The gnoll hits you with a +0 whip.
The gnoll attacks as you move away! The gnoll hits you with a +0 whip.
There is an escape hatch in the ceiling here.
The gnoll hits you with a +0 whip!
* * * LOW HITPOINT WARNING * * *
The gnoll hits you but does no damage. A mysterious force pulls you upwards.
The hatch slams shut behind you.
You barely miss the gnoll.
The gnoll is moderately wounded.
The gnoll barely misses you.
You hit the gnoll but do no damage.
The gnoll is moderately wounded.
The gnoll hits you with a +0 whip.
You die...

#....# #.# #.........# #....#
#.# #.........#
###....#########.###.........##
..'....'.....................>#
###....######....##########.#.#
#....# #....# #.#.# #....###
#....# #.#.# #......# #..(.#
#.#.# ####.#.####...@# #.#.# #
#.#.#..#..g.##########...# #
#.#.#..#####.........#...# #
#.#.#............)...#.#.# #
#.#.##.#####.........#.#.# #
####.....(.# #.########..#.#
###......##### #.#....###..#.#
..'.....)# #.##.#.##...#.#
###.....## #.##.#.##.#.#.#


You could see a gnoll.

Vanquished Creatures
  A gnoll (D:2)
  An adder (D:2)
  A worm (D:2)
  2 dart slugs
  An endoplasm (D:1)
  4 giant cockroaches
  3 goblins
  3 hobgoblins (D:2)
  3 jackals (D:2)
  2 quokkas (D:1)
  4 ball pythons
  4 bats
  2 frilled lizards (D:2)
  2 kobolds
  4 rats
37 creatures vanquished.

Notes
Turn   | Place    | Note
-------+----------+-------------------------------------------
     0 | D:1      | pkoi the Draconian Conjurer began the quest for the Orb.
     0 | D:1      | Reached XP level 1. HP: 14/14 MP: 3/3
   488 | D:1      | Reached XP level 2. HP: 20/20 MP: 1/5
   733 | D:1      | Learned a level 2 spell: Searing Ray
  1320 | D:2      | Found a faded altar of an unknown god.
  1366 | D:2      | Reached XP level 3. HP: 26/26 MP: 2/6
  2088 | D:2      | Reached skill level 5 in Conjurations
  2098 | D:1      | Slain by a gnoll

Illustrated notes

Levels and vault maps discovered:
D:1:      dpeg_arrival_court, layout_basic
D:2:      layout_rooms, chequers_ecumenical_altar_simple_redux,
          amcnicky_mini_pool_small, uniq_crazy_yiuf_cottage

Skill      XL: |  1  2  3 |
---------------+----------+-----
Conjurations   | 5 |  5.0
Dodging        | |  1.7
Stealth        | |  1.7
Spellcasting   | |  2.9

Action                     || total
---------------------------++-------
  Melee: Dagger            ||    35
         Tailslap          ||     3
   Cast: Magic Dart        ||    91
         Searing Ray       ||     2
 Armour: Skin              ||    15
  Dodge: Dodged            ||    38
